 Dungeon Sprint DCSS version 0.29-a0-775-g4d7333d4e2 (webtiles) character file.

Game seed: 9985290507568726926

142 mhtbhm the Covert (level 5, -2/23 (24) HPs)
             Began as a Spriggan Enchanter on July 2, 2022.
             Was an Initiate of Dithmenos.
             Slain by a necrophage (6 damage)
             ... in the Dungeon (Sprint III: "The Ten Rune Challenge").
             The game lasted 00:01:04 (399 turns).

mhtbhm the Covert (Spriggan Enchanter)               Turns: 399, Time: 00:01:05

HP:   -2/23 (24)    AC:  2    Str:  4    XL:     5   Next: 3%
MP:   10/14         EV: 19    Int: 16    God:    Dithmenos [......]
Gold: 29            SH:  0    Dex: 18    Spells: 5/16 levels left

rFire   . . .      SeeInvis +   a - +1 dagger
rCold   . . .      Faith    .   (no shield)
rNeg    . . .      Spirit   .   b - +0 robe
rPois   .          Reflect  .   (helmet restricted)
rElec   .          Harm     .   (no cloak)
rCorr   .          Rampage  .   (gloves unavailable)
Will    .....      NoTele   +   (boots unavailable)
Stlth   ++++......              (no amulet)
HPRegen 0.07/turn               (no ring)
MPRegen 0.14/turn               (no ring)

@: lightly drained, very quick
A: very small, no large weapons, unfitting armour, see invisible, speed 3
a: Renounce Religion


You were in the Dungeon.
You worshipped Dithmenos.
Dithmenos was noncommittal.
You visited 1 branch You collected 29 gold pieces.

Inventory:

Hand Weapons
 a - a +1 dagger (weapon)
Armour
 b - a +0 robe (worn)
Scrolls
 i - a scroll of blinking
 k - 2 scrolls of poison {unknown}
 l - 2 scrolls of identify
 m - a scroll of immolation {unknown}
Potions
 c - 2 potions of invisibility
 d - 2 potions of curing
 e - 2 potions of heal wounds
 f - a potion of haste
 g - 2 potions of magic
 h - a potion of berserk rage
 j - 2 potions of degeneration {unknown}
 n - 2 potions of flight
 o - 6 potions of mutation


   Skills:
 + Level 1.8 Short Blades
 + Level 4.3 Dodging
 + Level 9.6 Stealth
 + Level 6.1 Spellcasting
 + Level 7.9 Hexes
 + Level 1.6 Ice Magic


You had 5 spell levels left.
You knew the following spells:

 Your Spells              Type           Power      Damage    Failure   Level
a - Ensorcelled Hibernat  Hex/Ice        40%        N/A       3%          2
b - Confusing Touch       Hex            30%        N/A       1%          3
c - Tukima's Dance        Hex            30%        N/A       1%          3
d - Dazzling Flash        Conj/Hex       34%        N/A       9%          3

Your spell library contained the following spells:

 Spells                   Type           Power      Damage    Failure   Level


Dungeon Overview and Level Annotations

Branches:
Dungeon (1/1)

Altars:
Dithmenos
Ru
Yredelemnul


Innate Abilities, Weirdness & Mutations

You are very small and have problems with some larger weapons.
You are too small for most types of armour.
You have supernaturally acute eyesight. (SInv)
You cover ground extremely quickly. (Speed+++)


Message History

There is a shadowy altar of Dithmenos here.
You kneel at the altar of Dithmenos.
Dithmenos welcomes you! The necrophage barely misses you.
The necrophage hits you.
You feel drained.
You see here a wand of iceblast (7).
You barely miss the necrophage.
The necrophage is lightly damaged.
The necrophage hits you.
You barely miss the necrophage.
The necrophage is lightly damaged.
The necrophage misses you.
You hit the necrophage but do no damage.
The necrophage is lightly damaged.
You barely miss the necrophage.
The necrophage is lightly damaged.
You hit the necrophage.
The necrophage is moderately damaged.
The necrophage hits you but does no damage.
You hit the necrophage.
The necrophage is moderately damaged.
The necrophage completely misses you.
You hit the necrophage but do no damage.
The necrophage is moderately damaged.
The necrophage misses you.
The necrophage hits itself.
You hit the necrophage.
The necrophage is moderately damaged.
You hit the necrophage.
The necrophage is moderately damaged.
The necrophage completely misses you.
The necrophage hits itself.
You hit the necrophage.
The necrophage is severely damaged.
You hit the necrophage.
The necrophage is severely damaged.
The necrophage seems less confused.
The necrophage hits you.
* * * LOW HITPOINT WARNING * * *
You barely miss the necrophage.
The necrophage is severely damaged.
The necrophage hits you.
You die...

▓▓ ▓▓▓ .♣♣ ♣.# ####
..♣ ♣♣.# #__# ♣.♣
♣..# #@n#
≈.♣♣♣..###+#+###'##
≈♣♣♣.♣.#..........#
≈≈.♣...'.⌠........#
≈≈≈≈...#...######+#
≈≈≈....#.⌠.#
≈≈.....#...#
†......#+###
.......#


You could see a necrophage.

Vanquished Creatures
  A water elemental (D)
  Jessica (D)
  A necromancer (D)
  A human (D)
  A wolf (D)
  3 rats (D)
8 creatures vanquished.

Notes
Turn   | Place    | Note
-------+----------+-------------------------------------------
     0 | D        | mhtbhm the Spriggan Enchanter began the quest for the Orb.
     0 | D        | Reached XP level 1. HP: 9/9 MP: 5/5
    12 | D        | Noticed Jessica
    15 | D        | Killed Jessica
    16 | D        | Reached skill level 7 in Stealth
    16 | D        | Reached skill level 5 in Hexes
    16 | D        | Reached XP level 2. HP: 13/13 MP: 5/7
    35 | D        | Learned a level 2 spell: Ensorcelled Hibernation
   166 | D        | Reached XP level 3. HP: 16/16 MP: 4/9
   241 | D        | Learned a level 3 spell: Confusing Touch
   245 | D        | Learned a level 3 spell: Tukima's Dance
   249 | D        | Learned a level 3 spell: Dazzling Flash
   365 | D        | Noticed a water elemental
   367 | D        | Killed a water elemental
   368 | D        | Reached skill level 9 in Stealth
   368 | D        | Reached skill level 5 in Spellcasting
   368 | D        | Reached skill level 1 in Ice Magic
   368 | D        | Reached XP level 4. HP: 21/21 MP: 10/12
   376 | D        | Found a basalt altar of Yredelemnul.
   376 | D        | Found a shadowy altar of Dithmenos.
   376 | D        | Found a sacrificial altar of Ru.
   376 | D        | Noticed a necrophage
   379 | D        | Reached XP level 5. HP: 21/24 MP: 10/14
   386 | D        | Became a worshipper of Dithmenos the Shadowed
   399 | D        | Slain by a necrophage

Illustrated notes

Levels and vault maps discovered:
D:        dungeon_sprint_mu [sprint_mu_entry_forest, sprint_mu_temple_rooms,
          sprint_mu_d1_spiders, sprint_mu_d2_genie, sprint_mu_d3_branching,
          sprint_mu_orc_legion, sprint_mu_elf_gauntlet, sprint_mu_hive_nellie,
          sprint_mu_lair_fedhas, sprint_mu_vaults_butterflies,
          sprint_mu_slime_circle, sprint_mu_swamp_cave, sprint_mu_shoals_archi,
          sprint_mu_blade_basic, sprint_mu_crypt_chambers,
          sprint_mu_tomb_spiral, sprint_mu_vestibule_basic,
          sprint_mu_gehenna_hellfire, sprint_mu_dis_giant,
          sprint_mu_tartarus_statrot, sprint_mu_cocytus_islands, sprint_mu_zot1]

Skill      XL: |  1  2  3  4 |
---------------+-------------+-----
Spellcasting   | 3 4 5 6 |  6.1
Dodging        | 3 4 |  4.3
Stealth        | 7 9 |  9.6
Hexes          | 5 6 7 |  7.9
Ice Magic      | 1 |  1.6
Short Blades   | |  1.8

Action                   |  1- 3 |  4- 6 || total
-------------------------+-------+-------++-------
Melee: Dagger            |    11 |    17 ||    28
       Punch             |     1 |       ||     1
 Cast: Ensorcelled Hiber |     8 |       ||     8
       Confusing Touch   |       |     1 ||     1
 Stab: Sleeping          |     5 |     1 ||     6
Armor: Robe              |     2 |     1 ||     3
Dodge: Dodged            |     5 |     8 ||    13

Table legend: (Time is in decaauts)
 A = Elapsed time spent in this place.
 B = Non-inter-level travel time spent in this place.
 C = Inter-level travel time spent in this place.
 D = Time resting spent in this place.
 E = Time spent auto-exploring this place.
 F = Levels seen in this place.
 G = Mean time per level.
                   A        B        C        D        E       F      G
               +--------+--------+--------+--------+--------+-----+--------+
         Total |    348 |    348 |      0 |    192 |     19 |   1 |  348.0 |
       Dungeon |    348 |    348 |      0 |    192 |     19 |   1 |  348.0 |
               +--------+--------+--------+--------+--------+-----+--------+

Top non-repeatable levels by time:
       D: 348 daAuts
